 Dungeon Crawl Stone Soup version 0.26-a0-64-g059e62fbdb (webtiles) character file.

Game seed: 5060577825801411743

8781 Flubber the Cleaver (level 11, -5/99 HPs)
             Began as a Minotaur Fighter on June 10, 2020.
             Was an Elder of Okawaru.
             Slain by a nine-headed hydra (9 damage)
             ... on level 1 of the Lair of Beasts.
             The game lasted 00:28:37 (11558 turns).

Flubber the Cleaver (Minotaur Fighter)             Turns: 11558, Time: 00:28:38

Health: -5/99      AC: 13    Str: 24    XL:     11   Next: 14%
Magic:  4/4        EV: 12    Int:  5    God:    Okawaru [****..]
Gold:   616        SH: 12    Dex: 10    Spells: 10/10 levels left

rFire    + + .     SeeInvis .   x - +6 war axe of Dismemberment {antimagic, *Drain rF++ MR++}
rCold    . . .     Gourm    .   c - +0 kite shield
rNeg     + . .     Faith    .   K - +1 ring mail of the Centipede {+Blink}
rPois    +         Spirit   .   (helmet restricted)
rElec    .         Reflect  .   r - +2 cloak {rPois}
rCorr    .         Harm     .   A - +0 pair of gloves
MR       ++...                  n - +0 pair of boots
Stlth    +.........             (no amulet)
HPRegen  0.26/turn              o - ring of positive energy
MPRegen  0.09/turn              j - ring of stealth

@: no status effects
A: retaliatory headbutt, horns 2
a: Heroism, Renounce Religion, Evoke Blink


You were on level 1 of the Lair of Beasts.
You worshipped Okawaru.
Okawaru was greatly pleased with you.
You were not hungry.

You visited 4 branches of the dungeon, and saw 13 of its levels.

You collected 616 gold pieces.

Inventory:

Hand Weapons
 a - a +3 flail
 d - a +9 quarterstaff of chaos
 e - a +2 vampiric spear
 p - a +0 mace
 x - the +6 war axe of Dismemberment (weapon) {antimagic, *Drain rF++ MR++}
   (You found it on level 7 of the Dungeon)

   It reduces the magical energy of the wielder, and disrupts the spells and
   magical abilities of those hit.
   Natural abilities and divine invocations are not affected.
   It greatly protects you from fire.
   It affects your resistance to hostile enchantments.
   It causes draining when unequipped.
 z - a +2 flail of holy wrath
 M - a +1 morningstar of holy wrath
 N - a +0 arbalest
Missiles
 q - 137 bolts
 s - 7 boomerangs (quivered)
Armour
 b - a +0 scale mail
 c - a +0 kite shield (worn)
 n - a +0 pair of boots (worn)
 r - a +2 cloak of poison resistance (worn)
 w - a +0 scale mail of positive energy
 A - a +0 pair of gloves (worn)
 F - a +5 chain mail
 K - the +1 ring mail of the Centipede (worn) {+Blink}
   (You found it on level 9 of the Dungeon)

   It lets you blink.
Jewellery
 h - an uncursed ring of ice
 j - a ring of stealth (right hand)
 k - an uncursed ring of protection from cold
 o - a ring of positive energy (left hand)
 u - an uncursed amulet of guardian spirit
 D - an uncursed ring of wizardry
 R - a +6 ring of dexterity {unknown}
Wands
 C - a wand of paralysis (20)
 H - a wand of flame (28)
 Q - a wand of iceblast (2)
Scrolls
 m - 2 scrolls of teleportation
 t - a scroll of magic mapping
 v - a scroll of enchant weapon
 y - 3 scrolls of fear
 B - a scroll of amnesia
 G - a scroll of fog
 I - a scroll of noise {unknown}
 L - 4 scrolls of identify
Potions
 g - 2 potions of cancellation {unknown}
 i - a potion of magic {unknown}
 l - 5 potions of lignification {unknown}
 E - 3 potions of flight {unknown}
 J - a potion of degeneration {unknown}
 O - a potion of heal wounds {unknown}
 S - a potion of resistance {unknown}
Comestibles
 f - 25 rations
 P - 5 chunks of flesh


   Skills:
 + Level 10.0 Fighting
 * Level 10.2(11.4) Axes
 - Level 8.5(10.6) Maces & Flails
 - Level 7.3 Armour
 - Level 5.0 Dodging
 + Level 10.0 Shields
 + Level 2.7 Invocations


You had 10 spell levels left.
You didn't know any spells.
Your spell library contained the following spells:

 Spells                   Type           Power        Failure   Level  Hunger
 Animate Skeleton         Necr           N/A          83%         1    ##.....
 Apportation              Tloc           #.....       83%         1    ##.....
 Corona                   Hex            #......      83%         1    ##.....
 Freeze                   Ice            #...         83%         1    ##.....
 Pain                     Necr           #...         83%         1    ##.....
 Shock                    Conj/Air       #...         83%         1    ##.....
 Summon Small Mammal      Summ           #...         83%         1    ##.....
 Ensorcelled Hibernation  Hex/Ice        #.....       92%         2    ###....
 Swiftness                Chrm/Air       #.......     92%         2    ###....
 Confusing Touch          Hex            #.......     99%         3    ####...
 Dazzling Flash           Conj/Hex       #.....       99%         3    ####...
 Frozen Ramparts          Ice            #.....       99%         3    ####...
 Ozocubu's Armour         Chrm/Ice       #.......     99%         3    ####...
 Static Discharge         Conj/Air       #.......     99%         3    ####...
 Tukima's Dance           Hex            #.......     99%         3    ####...
 Vampiric Draining        Necr           #.........   99%         3    ####...
 Airstrike                Air            #.........   100%        4    #####..
 Animate Dead             Necr           N/A          100%        4    #####..
 Hailstorm                Conj/Ice       #.......     100%        4    #####..
 Summon Ice Beast         Ice/Summ       #.......     100%        4    #####..
 Agony                    Necr           #.......     100%        5    ######.
 Lightning Bolt           Conj/Air       #.........   100%        5    ######.


Dungeon Overview and Level Annotations

Branches:
Dungeon (10/15)            Temple (1/1) D:7            Lair (1/6) D:8
    Orc (1/2) D:10

Altars:
Ashenzari
Cheibriados
Dithmenos
Elyvilon
Fedhas
Hepliaklqana
Kikubaaqudgha
Makhleb
Nemelex Xobeh
Okawaru
Qazlal
Ru
Sif Muna
Trog
Uskayaw
Vehumet
Wu Jian
Xom
Yredelemnul
Zin
The Shining One

Shops:
D:8 [

Annotations:
D:8 plate armor mres 480


Innate Abilities, Weirdness & Mutations

You reflexively headbutt those who attack you in melee.
You have a pair of horns on your head.


Message History

You continue taking off your +0 kite shield.
The nine-headed hydra closely misses you.
The nine-headed hydra bites you.
The nine-headed hydra barely misses you.
The nine-headed hydra bites you.
You block the nine-headed hydra's attack.
The nine-headed hydra bites you but does no damage.
The nine-headed hydra bites you! The nine-headed hydra bites you.
* * * LOW HITPOINT WARNING * * *
The nine-headed hydra bites you.
* * * LOW HITPOINT WARNING * * *
You continue taking off your +0 kite shield.
The nine-headed hydra bites you!
* * * LOW HITPOINT WARNING * * *
The nine-headed hydra bites you!
* * * LOW HITPOINT WARNING * * *
The nine-headed hydra misses you. The nine-headed hydra bites you.
* * * LOW HITPOINT WARNING * * *
The nine-headed hydra bites you!
You die...

..... ....
#..? ##...
. ..r##
##..
...##...#
#D....#
##@...#
#.....#
##..#..#
##..##...#
##..## ..#
#..## ..#
##.## .#
##...# .#
##..###


You could see a nine-headed hydra and a porcupine.

Vanquished Creatures
  A two-headed ogre (D:8)
  2 death yaks
  Joseph (D:7)
  2 komodo dragons (Lair:1)
  A troll (shapeshifter) (D:10)
  3 hippogriffs
  7 yaks
  A wyvern (D:8)
  Duvessa (D:5)
  2 porcupines (Lair:1)
  3 ice beasts
  A sky beast (D:5)
  A black bear (D:9)
  5 orc warriors
  A phantom (D:10)
  3 ogres
  A centaur (D:9)
  A big kobold (D:8)
  2 bullfrogs
  Dowan (D:5)
  2 scorpions
  A water moccasin skeleton (D:10)
  4 wights (D:9)
  2 electric eels (D:10)
  3 crimson imps
  2 bullfrog zombies (D:5)
  2 howler monkeys
  5 hounds
  3 jellies (D:8)
  A centaur skeleton (D:5)
  5 orc priests
  Crazy Yiuf (D:2)
  2 bullfrog skeletons
  3 iguanas
  6 orc wizards
  6 worker ants
  A killer bee zombie (D:9)
  A hound skeleton (D:8)
  3 worker ant zombies
  6 gnolls
  9 adders
  A shadow imp (D:6)
  5 oozes
  An adder skeleton (D:4)
  3 worms
  A dart slug (D:1)
  2 leopard geckos
  37 orcs
  2 giant cockroaches
  6 goblins
  9 hobgoblins
  7 jackals (D:2)
  6 quokkas
  A ball python (D:4)
  8 bats
  8 frilled lizards
  2 jackal skeletons
  7 kobolds
  A quokka skeleton (D:4)
  A quokka zombie (D:6)
  10 rats
226 creatures vanquished.

Vanquished Creatures (others)
  2 death yaks (D:8)
  A yak (D:8)
  A black bear (D:8)
  An ooze (D:8)
5 creatures vanquished.

Grand Total: 231 creatures vanquished

Notes
Turn   | Place    | Note
-------+----------+-------------------------------------------
     0 | D:1      | Flubber the Minotaur Fighter began the quest for the Orb.
     0 | D:1      | Reached XP level 1. HP: 19/19 MP: 0/0
   245 | D:1      | Reached XP level 2. HP: 27/27 MP: 1/1
   642 | D:2      | Reached XP level 3. HP: 28/33 MP: 2/2
   768 | D:2      | Found a faded altar of an unknown god.
  1045 | D:2      | Found a runed translucent door.
  1046 | D:2      | Noticed Crazy Yiuf
  1054 | D:2      | Killed Crazy Yiuf
  1054 | D:2      | Reached XP level 4. HP: 11/40 MP: 3/3
  1767 | D:3      | You fall into a shaft and drop 2 floors!
  1767 | D:5      | Entered Level 5 of the Dungeon
  1769 | D:5      | Noticed an ogre
  1823 | D:4      | Reached XP level 5. HP: 43/47 MP: 4/4
  2565 | D:4      | Noticed an ice beast
  2571 | D:4      | Killed an ice beast
  2571 | D:4      | Reached skill level 5 in Maces & Flails
  2571 | D:4      | Reached XP level 6. HP: 34/55 MP: 5/5
  2698 | D:4      | Reached skill level 5 in Fighting
  2743 | D:4      | Reached skill level 5 in Armour
  2743 | D:4      | Reached skill level 5 in Shields
  3481 | D:5      | Reached XP level 7. HP: 52/61 MP: 6/6
  3717 | D:5      | Noticed Duvessa
  3720 | D:5      | Noticed Dowan
  3724 | D:5      | Killed Duvessa
  3727 | D:5      | Killed Dowan
  4372 | D:5      | Reached XP level 8. HP: 70/70 MP: 7/7
  5100 | D:6      | Found a hide-covered altar of Uskayaw.
  5100 | D:6      | Found a shadowy altar of Dithmenos.
  5100 | D:6      | Found a blossoming altar of Fedhas.
  5100 | D:6      | Found a bloodstained altar of Trog.
  5107 | D:6      | Found an ornate altar of the Wu Jian Council.
  5110 | D:6      | Found a sparkling altar of Nemelex Xobeh.
  5712 | D:7      | Found a staircase to the Ecumenical Temple.
  5718 | D:7      | Got an encrusted war axe
  5731 | D:7      | Identified the +6 war axe of Dismemberment {antimagic,
                  | *Drain rF++ MR++} (You found it on level 7 of the Dungeon)
  5735 | Temple   | Entered the Ecumenical Temple
  5749 | Temple   | Became a worshipper of Warmaster Okawaru
  5809 | D:7      | Found a shimmering blue altar of Sif Muna.
  5837 | D:7      | Noticed Joseph
  5846 | D:7      | Killed Joseph
  5934 | D:7      | Noticed a hippogriff
  5942 | D:7      | Killed a hippogriff
  5942 | D:7      | Reached * piety under Okawaru
  5942 | D:7      | Reached XP level 9. HP: 69/79 MP: 2/8
  6384 | D:8      | Noticed a death yak
  6385 | D:8      | Noticed a death yak
  6385 | D:8      | Noticed a death yak
  6413 | D:8      | Reached skill level 1 in Dodging
  6795 | D:8      | Noticed a two-headed ogre
  6825 | D:8      | Killed a two-headed ogre
  6825 | D:8      | Reached skill level 5 in Axes
  7042 | D:8      | Found Oghokuv's Armour Shop.
  7054 | D:8      | Reached ** piety under Okawaru
  7308 | D:8      | Killed a death yak
  7308 | D:8      | Reached *** piety under Okawaru
  7308 | D:8      | Reached XP level 10. HP: 90/90 MP: 9/9
  7337 | D:8      | Killed a death yak
  7344 | D:8      | Killed a death yak
  7675 | D:7      | Killed a death yak
  7834 | D:8      | Found a staircase to the Lair.
  8284 | D:8      | Reached skill level 5 in Dodging
  8425 | D:9      | Reached **** piety under Okawaru
  8795 | D:9      | Reached skill level 1 in Invocations
  8869 | D:9      | Got a faintly humming ring mail
  8880 | D:9      | Identified the cursed +1 ring mail of the Centipede
                  | {+Blink} (You found it on level 9 of the Dungeon)
  9233 | D:10     | Entered Level 10 of the Dungeon
 10221 | D:10     | Noticed an orb spider
 10266 | D:10     | Reached XP level 11. HP: 76/99 MP: 3/11
 10504 | D:10     | Reached skill level 10 in Axes
 10889 | D:10     | Found a staircase to the Orcish Mines.
 10899 | Orc:1    | Entered Level 1 of the Orcish Mines
 11138 | Lair:1   | Entered Level 1 of the Lair of Beasts
 11174 | Lair:1   | Reached skill level 10 in Fighting
 11181 | Lair:1   | Reached skill level 10 in Shields
 11549 | Lair:1   | Noticed an eight-headed hydra
 11558 | Lair:1   | HP: 4/99 [nine-headed hydra (5)]
 11558 | Lair:1   | Slain by a nine-headed hydra

Illustrated notes

Levels and vault maps discovered:
D:1:      lightli_iron_boxes, layout_rooms, serial_glass, glass_columns_c,
          glass_columns_a
D:2:      layout_basic, chequers_ecumenical_altar_simple,
          uniq_crazy_yiuf_cottage
D:3:      layout_basic
D:4:      layout_cave_pods, first_ration
D:5:      layout_loops_corners, uniq_duvessa
D:6:      layout_loops_ring, minmay_overflow_temple_hex
D:7:      layout_cave_pools, minmay_temple_entry_offerings,
          lemuel_blue_sif_altar, uniq_joseph
D:8:      layout_gridville, dpeg_lair_monsters, serial_shops,
          nicolae_shop_behind_doors, hangedman_little_slice_of_home,
          corner_web_ring, dk_noncrumbling_2
D:9:      layout_loops_ring, supply_closet_lemuel, serial_bayou_pond_d
D:10:     layout_long_grid, erik_orc_2
Temple:   lightli_temple_of_artemis
Lair:1:   layout_cave_pods, portal_ice_cave_entry_pillars_2
Orc:1:    layout_diamond_mine, serial_shops, shop, uniq_urug, uniq_nergalle,
          uniq_harold

Skill      XL: |  1  2  3  4  5  6  7  8  9 10 11 |
---------------+----------------------------------+-----
Maces & Flails | 3 4 5 6 7 8 |  8.5
Shields        | 4 5 6 7 8 9 10 | 10.0
Armour         | 4 5 6 7 |  7.3
Fighting       | 4 5 6 7 8 9 10 | 10.0
Axes           | 3 7 9 10 | 10.2
Dodging        | 3 5 |  5.0
Invocations    | 2 |  2.7

Action                   |  1- 3 |  4- 6 |  7- 9 | 10-12 || total
-------------------------+-------+-------+-------+-------++-------
Melee: Flail             |   101 |       |       |       ||   101
       Headbutt          |    15 |    10 |    43 |    40 ||   108
       Mace              |     6 |       |       |       ||     6
       Quarterstaff      |       |   108 |   144 |   154 ||   406
       War axe           |       |       |    41 |    46 ||    87
Throw: Boomerang         |       |     1 |     5 |    22 ||    28
  Use: Potion            |     1 |       |     3 |     5 ||     9
       Scroll            |       |       |    17 |    10 ||    27
 Stab: Confused          |       |     1 |       |       ||     1
       Petrifying        |       |       |       |     1 ||     1
  Eat: Chunk             |     1 |     7 |    12 |     7 ||    27
       Ration            |       |       |       |     2 ||     2
Armor: Scale mail        |    60 |    52 |    32 |     8 ||   152
       Chain mail        |       |       |    86 |    42 ||   128
       Ring mail         |       |       |       |    38 ||    38
Dodge: Dodged            |    37 |    50 |    74 |    99 ||   260
Block: Kite shield       |    74 |       |       |     9 ||    83

Table legend:
 A = Non-vault XP
 B = Vault XP
 C = Vault XP percentage of total XP
 D = Non-vault monster count
 E = Vault monster count
 F = Vault count percentage of total count
                 A         B        C        D         E       F
            +---------+---------+-------+---------+---------+-------
      Total |    7558 |    4987 |  39.8 |     188 |      41 |  17.9
            +---------+---------+-------+---------+---------+-------
        D:1 |      35 |       0 |   0.0 |      21 |       0 |   0.0
        D:2 |      80 |      39 |  32.8 |      31 |       1 |   3.1
        D:3 |      52 |       0 |   0.0 |      11 |       0 |   0.0
        D:4 |     517 |       0 |   0.0 |      27 |       0 |   0.0
        D:5 |     694 |     225 |  24.5 |      16 |       2 |  11.1
        D:6 |     266 |       0 |   0.0 |      11 |       0 |   0.0
        D:7 |     627 |    1884 |  75.0 |      15 |       4 |  21.1
        D:8 |    2451 |    1858 |  43.1 |      25 |      13 |  34.2
        D:9 |     957 |       0 |   0.0 |      20 |       0 |   0.0
       D:10 |     891 |     981 |  52.4 |       7 |      21 |  75.0
     Lair:1 |     988 |       0 |   0.0 |       4 |       0 |   0.0
            +---------+---------+-------+---------+---------+-------
